 Dungeon Crawl Stone Soup version 0.30-a0-567-gf7fd966b4a (webtiles) character file.

Game seed: 10404884155128415945

586 gruber the Chiller (level 7, -4/51 HPs)
             Began as a Gnoll Ice Elementalist on Dec 28, 2022.
             Slain by Menkaure (6 damage)
             ... on level 4 of the Dungeon.
             The game lasted 00:04:29 (3714 turns).

gruber the Chiller (Gnoll Ice Elementalist)         Turns: 3714, Time: 00:04:29

Health: -4/51      AC:  6    Str:  7    XL:     7   Next: 37%
Magic:  15/15      EV: 13    Int: 17    God:
Gold:   144        SH:  0    Dex: 12    Spells: 10/17 levels left

rFire   . . .      SeeInvis .    p - +1 dagger (vamp)
rCold   + . .      Faith    .    (no shield)
rNeg    . . .      Spirit   .    A - +1 robe of the Twenty Servitors {rC+ Stlth+}
rPois   +          Reflect  .    y - +0 helmet
rElec   .          Harm     .    w - scarf {repulsion}
rCorr   .          Rampage  .    a - +0 pair of gloves
Will    .....                    s - +0 pair of boots "Oroyruty" {rPois}
Stlth   ++++                     (no amulet)
HPRegen 0.28/turn                (no ring)
MPRegen 0.14/turn                (no ring)

@: repel missiles
A: fangs 1, strong nose, distributed training
a: no special abilities


You were on level 4 of the Dungeon.
You visited 1 branch of the dungeon, and saw 4 of its levels.

You collected 275 gold pieces.
You spent 131 gold pieces at shops.

Inventory:

Hand Weapons
 p - a +1 vampiric dagger (weapon)
Armour
 a - a +0 pair of gloves (worn)
 s - the +0 pair of boots "Oroyruty" (worn) {rPois}
   (You found it on level 3 of the Dungeon)

   rPois:     It protects you from poison.
 w - a scarf of repulsion (worn)
 y - a +0 helmet (worn)
 A - the +1 robe of the Twenty Servitors (worn) {rC+ Stlth+}
   (You bought it in a shop on level 1 of the Dungeon)

   rC:        It protects you from cold.
   Stlth:     It makes you more stealthy.
Magical Staves
 v - a staff of cold
Scrolls
 d - 3 scrolls of noise {unknown}
 e - a scroll of butterflies {unknown}
 h - a scroll of identify {unknown}
 j - 4 scrolls of enchant armour {unknown}
 k - a scroll of magic mapping {unknown}
 l - a scroll of poison {unknown}
 m - a scroll of blinking {unknown}
 n - 3 scrolls of teleportation {unknown}
 r - 2 scrolls of fear {unknown}
 x - a scroll of vulnerability {unknown}
 z - a scroll of enchant weapon {unknown}
Potions
 b - a potion of magic
 f - 5 potions of curing
 g - 2 potions of mutation {unknown}
 i - 6 potions of flight {unknown}
 o - 3 potions of degeneration {unknown}
 q - a potion of invisibility {unknown}
 t - a potion of heal wounds
 u - 2 potions of attraction {unknown}


   Skills:
 + Level 2.5 Fighting
 + Level 2.5 Short Blades
 + Level 2.5 Long Blades
 + Level 2.5 Axes
 + Level 2.5 Maces & Flails
 + Level 2.5 Polearms
 + Level 2.5 Staves
 + Level 2.5 Ranged Weapons
 + Level 2.5 Throwing
 + Level 2.5 Armour
 + Level 5.3 Dodging
 + Level 4.9 Stealth
 + Level 2.5 Shields
 + Level 2.5 Unarmed Combat
 + Level 5.6 Spellcasting
 + Level 2.1 Conjurations
 + Level 2.1 Hexes
 + Level 2.1 Summonings
 + Level 2.1 Necromancy
 + Level 2.1 Translocations
 + Level 2.1 Transmutations
 + Level 2.1 Fire Magic
 + Level 7.4 Ice Magic
 + Level 2.1 Air Magic
 + Level 2.1 Earth Magic
 + Level 2.1 Poison Magic
 + Level 2.8 Invocations
 + Level 2.5 Evocations


You had 10 spell levels left.
You knew the following spells:

 Your Spells              Type           Power      Damage    Failure   Level
a - Freeze                Ice            100%       1d10      1%          1
b - Frozen Ramparts       Ice            60%        1d10      1%          3
c - Ozocubu's Armour      Ice            30%        N/A       1%          3

Your spell library contained the following spells:

 Spells                   Type           Power      Damage    Failure   Level
 Magic Dart               Conj           48%        1d5       5%          1
 Call Imp                 Summ           12%        N/A       9%          2
 Mephitic Cloud           Conj/Pois/Air  12%        N/A       17%         3
 Summon Ice Beast         Ice/Summ       21%        N/A       19%         4


Dungeon Overview and Level Annotations

Branches:
Dungeon (4/15)
 Temple: D:4-7

Altars:

Shops:
D:1 *

Annotations:
D:4 Menkaure


Innate Abilities, Weirdness & Mutations

You have very sharp teeth.
Your uncanny sense of smell can sniff out nearby items.
Your experience applies equally to all skills.


Message History

You hit the goblin. You bite the goblin.
You kill the goblin!
No target in view!
No target in view!
No target in view!
A goblin comes into view. It is wielding a +0 club.
Menkaure, Prince of Dust comes into view.
Casting: Frozen Ramparts (safe; 1% risk of failure)
Confirm with . or Enter, or press ? or * to list all spells.
Okay, then.
You aren't carrying any items that you can evoke.
Okay, then.
The goblin shouts!
You hit Menkaure. You bite Menkaure, but do no damage.
Menkaure is lightly damaged.
Menkaure hits you!
Okay, then.
You hit Menkaure but do no damage.
Menkaure is lightly damaged.
Menkaure calls on the powers of darkness!
The goblin convulses!
Your body is wracked with pain!
You barely miss Menkaure.
Menkaure is lightly damaged.
It was a potion of curing.
You feel better.
Menkaure casts a spell.
Menkaure seems to speed up.
An adder comes into view.
The adder hisses angrily.
It was a potion of ambrosia.
You are confused.
You feel invigorated. Menkaure hits you!
Menkaure points at you and mumbles some strange words.
Pain shoots through your body! Menkaure hits you.
* * * LOW HITPOINT WARNING * * *
You feel less invigorated.
You feel less confused. Menkaure hits you!
* * * LOW HITPOINT WARNING * * *
Menkaure hits you.
You die...

#.....>.....#.....P .~
#...####....#.#... ∆ PP~~
................. PP .P
.##..###......#.###.##...
###..##.......#........##
.......>..##...).##......
....#....#...#...##......
...........####..MgS.....
.###..##........@#.......
.#....###[.............##
##........###.#.###.##..#
##.........#..#.# ... ..
#.....###....... ###.##
##....#....##... .
.................
#....########... #.##.#


You could see Menkaure (fast), an adder and a goblin.

Vanquished Creatures
  Sigmund (D:2)
  2 water moccasins (D:3)
  Crazy Yiuf (D:2)
  Jessica (D:3)
  Terence (D:2)
  6 adders
  2 dart slugs (D:2)
  2 orcs (D:3)
  12 ball pythons
  9 bats
  7 endoplasms
  3 giant cockroaches
  11 goblins
  5 hobgoblins
  4 kobolds
  4 quokkas
  5 frilled lizards
  11 rats
87 creatures vanquished.

Notes
Turn   | Place    | Note
-------+----------+-------------------------------------------
     0 | D:1      | gruber the Gnoll Ice Elementalist began the quest for the
                  | Orb.
     0 | D:1      | Reached XP level 1. HP: 13/13 MP: 6/6
   131 | D:1      | Reached XP level 2. HP: 15/19 MP: 3/7
   487 | D:1      | Reached skill level 5 in Spellcasting
   487 | D:1      | Reached XP level 3. HP: 25/25 MP: 5/9
   738 | D:1      | Learned a level 3 spell: Frozen Ramparts
   742 | D:1      | Learned a level 3 spell: Ozocubu's Armour
   838 | D:1      | Found Xos Myep's Assorted Antiques.
   998 | D:2      | Reached skill level 1 in Invocations
  1003 | D:2      | Noticed Sigmund
  1019 | D:2      | Killed Sigmund
  1020 | D:2      | Reached skill level 1 in Fighting
  1020 | D:2      | Reached skill level 1 in Short Blades
  1020 | D:2      | Reached skill level 1 in Long Blades
  1020 | D:2      | Reached skill level 1 in Axes
  1020 | D:2      | Reached skill level 1 in Maces & Flails
  1020 | D:2      | Reached skill level 1 in Polearms
  1020 | D:2      | Reached skill level 1 in Staves
  1020 | D:2      | Reached skill level 1 in Ranged Weapons
  1020 | D:2      | Reached skill level 1 in Throwing
  1020 | D:2      | Reached skill level 1 in Armour
  1020 | D:2      | Reached skill level 1 in Shields
  1020 | D:2      | Reached skill level 1 in Unarmed Combat
  1020 | D:2      | Reached skill level 1 in Conjurations
  1020 | D:2      | Reached skill level 1 in Hexes
  1020 | D:2      | Reached skill level 1 in Summonings
  1020 | D:2      | Reached skill level 1 in Necromancy
  1020 | D:2      | Reached skill level 1 in Translocations
  1020 | D:2      | Reached skill level 1 in Transmutations
  1020 | D:2      | Reached skill level 1 in Fire Magic
  1020 | D:2      | Reached skill level 1 in Air Magic
  1020 | D:2      | Reached skill level 1 in Earth Magic
  1020 | D:2      | Reached skill level 1 in Poison Magic
  1020 | D:2      | Reached skill level 1 in Evocations
  1020 | D:2      | Reached XP level 4. HP: 23/33 MP: 1/11
  1020 | D:2      | Reached XP level 5. HP: 26/38 MP: 1/12
  1231 | D:2      | Found a runed translucent door.
  1232 | D:2      | Noticed Crazy Yiuf
  1395 | D:2      | Reached XP level 6. HP: 44/44 MP: 13/13
  1553 | D:2      | Noticed Terence
  1563 | D:2      | Killed Terence
  1564 | D:2      | Reached skill level 5 in Dodging
  1744 | D:2      | Killed Crazy Yiuf
  1987 | D:3      | Noticed a water moccasin
  1993 | D:3      | Killed a water moccasin
  2041 | D:3      | Noticed Jessica
  2092 | D:3      | Identified the +0 pair of boots "Oroyruty" {rPois}
  2233 | D:3      | Killed Jessica
  2234 | D:3      | Reached XP level 7. HP: 49/50 MP: 9/15
  3542 | D:1      | Bought a creamy pearl robe for 131 gold pieces
  3542 | D:1      | Identified the +1 robe of the Twenty Servitors {rC+ Stlth+}
                  | (You bought it in a shop on level 1 of the Dungeon)
  3703 | D:4      | Noticed Menkaure
  3713 | D:4      | HP: 1/51 [Menkaure (13)]
  3714 | D:4      | Slain by Menkaure

Illustrated notes

Levels and vault maps discovered:
D:1:      scummos_arrival_simple_fountains, layout_loops_ring, serial_shops,
          shop, minmay_statues_item, kennysheep_decorative_pillar
D:2:      layout_basic, minmay_pentomino_z4, uniq_crazy_yiuf_cottage,
          uniq_sigmund, uniq_terence
D:3:      layout_basic, minmay_joined_circles, uniq_jessica
D:4:      layout_rooms, serial_shops, shop, guppyfry_early_lair_pool,
          uniq_menkaure

Skill      XL: |  1  2  3  4  5  6  7 |
---------------+----------------------+-----
Spellcasting   | 5 |  5.6
Invocations    | 1 2 |  2.8
Fighting       | 1 2 |  2.5
Short Blades   | 1 2 |  2.5
Long Blades    | 1 2 |  2.5
Axes           | 1 2 |  2.5
Maces & Flails | 1 2 |  2.5
Polearms       | 1 2 |  2.5
Staves         | 1 2 |  2.5
Ranged Weapons | 1 2 |  2.5
Throwing       | 1 2 |  2.5
Armour         | 1 2 |  2.5
Shields        | 1 2 |  2.5
Unarmed Combat | 1 2 |  2.5
Conjurations   | 1 2 |  2.1
Hexes          | 1 2 |  2.1
Summonings     | 1 2 |  2.1
Necromancy     | 1 2 |  2.1
Translocations | 1 2 |  2.1
Transmutations | 1 2 |  2.1
Fire Magic     | 1 2 |  2.1
Air Magic      | 1 2 |  2.1
Earth Magic    | 1 2 |  2.1
Poison Magic   | 1 2 |  2.1
Evocations     | 1 2 |  2.5
Dodging        | 5 |  5.3
Stealth        | |  4.9
Ice Magic      | |  7.4

Action                   |  1- 3 |  4- 6 |  7- 9 || total
-------------------------+-------+-------+-------++-------
Melee: Unarmed           |    33 |       |       ||    33
       Bite              |     1 |     5 |     4 ||    10
       Dagger            |       |    36 |    24 ||    60
 Cast: Freeze            |    44 |    15 |       ||    59
       Frozen Ramparts   |     1 |     6 |     2 ||     9
       Ozocubu's Armour  |     1 |     3 |     3 ||     7
  Use: Potion            |       |       |     2 ||     2
 Stab: Sleeping          |       |     1 |     4 ||     5
       Distracted        |       |     1 |       ||     1
Armor: Robe              |    33 |     2 |     2 ||    37
Dodge: Dodged            |    64 |    34 |     8 ||   106

Table legend: (Time is in decaauts)
 A = Elapsed time spent in this place.
 B = Non-inter-level travel time spent in this place.
 C = Inter-level travel time spent in this place.
 D = Time resting spent in this place.
 E = Time spent auto-exploring this place.
 F = Levels seen in this place.
 G = Mean time per level.
                   A        B        C        D        E       F      G
               +--------+--------+--------+--------+--------+-----+--------+
         Total |   3709 |   3257 |    452 |      2 |   2601 |   4 |  927.2 |
       Dungeon |   3709 |   3257 |    452 |      2 |   2601 |   4 |  927.2 |
               +--------+--------+--------+--------+--------+-----+--------+

Top non-repeatable levels by time:
     D:3: 1534 daAuts
     D:2: 1114 daAuts
     D:1: 999 daAuts
     D:4: 62 daAuts
